 Dungeon Crawl Stone Soup version 0.19.5 (webtiles) character file.

116 Scud the Slasher (level 4, -1/41 HPs)
             Began as a Minotaur Monk on Mar 15, 2017.
             Slain by an orc
             ... wielding a +0 mace
              (5 damage)
             ... on level 3 of the Dungeon.
             The game lasted 00:10:45 (2452 turns).

Scud the Slasher (Minotaur Monk)                    Turns: 2452, Time: 00:10:47

Health: -1/41      AC:  3    Str: 17    XL:     4   Next: 69%
Magic:  3/3        EV: 12    Int:  7    God:
Gold:   157        SH:  0    Dex: 12    Spells: 0 memorised, 3 levels left

rFire  . . .     SeeInvis .     a - +1 falchion
rCold  . . .     Gourm    .     h - +0 ring mail {MR+}
rNeg   . . .     Faith    .     (no shield)
rPois  .         Spirit   .     (helmet restricted)
rElec  .         Reflect  .     (no cloak)
rCorr  .         Harm     .     e - +0 pair of gloves
MR     +....                    (no boots)
Stlth  +.........               (no amulet)
                                (no ring)
                                (no ring)

@: no status effects
A: retaliatory headbutt, horns 2, deformed body, wild magic 1
a: no special abilities


You were on level 3 of the Dungeon.
You were not hungry.

You visited 1 branch of the dungeon, and saw 3 of its levels.

You collected 157 gold pieces.

Inventory:

Hand Weapons
 a - a +1 falchion (weapon)
Armour
 b - a +0 robe
 e - a +0 pair of gloves (worn)
 h - a +0 ring mail of magic resistance (worn)
Wands
 i - a wand of lightning (12/15)
Scrolls
 d - 2 scrolls of identify
 f - 2 scrolls of recharging
 g - a scroll of noise
Books
 k - a book of Misfortune

   Spells                             Type                      Level
   a - Confusing Touch                Hexes                        1
   b - Confuse                        Hexes                        3
   c - Gell's Gravitas                Hexes/Translocation          3
   d - Petrify                        Transmutation/Earth          4
   e - Metabolic Englaciation         Hexes/Ice                    5
   f - Yara's Violent Unravelling     Hexes/Transmutation          5
Comestibles
 c - a bread ration


   Skills:
 + Level 4.8 Fighting
 + Level 5.1 Long Blades
 + Level 1.0 Armour
 + Level 3.8 Dodging
 - Level 1.5 Stealth


You had 3 spell levels left.
You didn't know any spells.

Dungeon Overview and Level Annotations

Branches:
Dungeon (3/15)

Altars:
Dithmenos


Innate Abilities, Weirdness & Mutations

You reflexively headbutt those who attack you in melee.
You have a pair of horns on your head.
Armour fits poorly on your strangely shaped body.
Your spells are a little harder to cast, but a little more powerful.


Message History

The orc is moderately wounded.
Something hits you. The orc misses you. The orc barely misses you.
You riposte.
You hit the orc.
The orc is heavily wounded.
You slash the orc!
You kill the orc!
Something hits you but does no damage. The orc barely misses you.
You riposte.
You hit the orc but do no damage. You hit the orc.
The orc is moderately wounded.
Something hits you but does no damage. The orc hits you with a hand axe.
* * * LOW HITPOINT WARNING * * *
Something hits you but does no damage. The orc hits you with a mace.
* * * LOW HITPOINT WARNING * * *
You barely miss the orc. You headbutt the orc.
The orc is heavily wounded.
The orc hits you but does no damage. Something hits you but does no damage.
You aren't carrying any potions.
You barely miss the orc. The orc hits you with a mace.
You die...

##.# #..# #
#.## .. #.# #(
#.# .o#### #.#
. )..# #.#
....###o####.#
...>...@o(...#
...####.######
#.# #.# ..#
###


You could see 2 orcs.

Vanquished Creatures
  Natasha (D:3)
  2 adders
  2 worms (D:2)
  3 leopard geckos
  6 orcs
  A ball python (D:2)
  2 giant cockroaches (D:2)
  9 goblins
  6 hobgoblins
  A jackal (D:1)
  4 kobolds
  2 quokkas (D:2)
  6 bats
  7 frilled lizards
  5 rats
57 creatures vanquished.

Notes
Turn   | Place    | Note
-------+----------+-------------------------------------------
     0 | D:1      | Scud the Minotaur Monk began the quest for the Orb.
     0 | D:1      | Reached XP level 1. HP: 19/19 MP: 0/0
   660 | D:1      | Reached skill level 4 in Long Blades
   660 | D:1      | Reached XP level 2. HP: 18/27 MP: 1/1
   689 | D:1      | Gained mutation: You tend to lose your temper in combat. [potion of mutation]
   689 | D:1      | Gained mutation: Your spells are a little harder to cast, but a little more powerful. [potion of mutation]
   689 | D:1      | Gained mutation: You are partially covered in icy blue scales. (AC +2) [potion of mutation]
   766 | D:1      | Gained mutation: Armour fits poorly on your strangely shaped body. [potion of mutation]
   766 | D:1      | Gained mutation: Your flesh is cold resistant. (rC+) [potion of mutation]
  1255 | D:2      | Reached XP level 3. HP: 29/33 MP: 2/2
  1363 | D:2      | Found a shadowy altar of Dithmenos.
  1963 | D:2      | Reached XP level 4. HP: 41/41 MP: 3/3
  2035 | D:2      | Lost mutation: Your flesh is cold resistant. (rC+) [potion of cure mutation]
  2035 | D:2      | Lost mutation: You are partially covered in icy blue scales. (AC +2) [potion of cure mutation]
  2035 | D:2      | Lost mutation: You tend to lose your temper in combat. [potion of cure mutation]
  2358 | D:3      | Noticed Natasha
  2367 | D:3      | Killed Natasha
  2367 | D:3      | Reached skill level 5 in Long Blades
  2394 | D:3      | Reached skill level 1 in Armour
  2452 | D:3      | Slain by an orc

Skill      XL: |  1  2  3  4 |
---------------+-------------+-----
Long Blades    | 4 5 |  5.1
Fighting       | 4 |  4.8
Armour         | 1 |  1.0
Dodging        | |  3.8
Stealth        | |  1.5

Action                   |  1- 3 |  4- 6 || total
-------------------------+-------+-------++-------
Melee: Falchion          |    88 |    38 ||   126
       Headbutt          |    14 |     6 ||    20
Throw: Tomahawk          |       |     5 ||     5
  Use: Scroll            |     6 |     3 ||     9
       Potion            |     5 |     2 ||     7
 Stab: Distracted        |     1 |       ||     1
       Sleeping          |     1 |       ||     1
  Eat: Chunk             |     3 |       ||     3
       Bread ration      |       |     1 ||     1
Armor: Robe              |     5 |       ||     5
       Ring mail         |    24 |     7 ||    31
Dodge: Dodged            |    75 |    31 ||   106
       Rpst.: Falchion   |    11 |     6 ||    17
